 Dungeon Crawl Stone Soup version 0.28.0-1-gb440e238dd (webtiles) character file.

Game seed: 16582344867761044951

86 Ablot the Grasshopper (level 4, -1/38 HPs)
             Began as a Gnoll Warper on Feb 23, 2022.
             Slain by an orc (6 damage)
             ... on level 3 of the Dungeon.
             The game lasted 00:02:20 (2651 turns).

Ablot the Grasshopper (Gnoll Warper)                Turns: 2651, Time: 00:02:21

Health: -1/38      AC:  4    Str: 13    XL:     4   Next: 49%
Magic:  9/11       EV: 12    Int: 12    God:
Gold:   60         SH:  0    Dex: 11    Spells: 11/13 levels left

rFire   . . .      SeeInvis .   n - +0 short sword (drain)
rCold   . . .      Faith    .   (no shield)
rNeg    . . .      Spirit   .   b - +0 leather armour
rPois   .          Reflect  .   p - +0 helmet
rElec   .          Harm     .   (no cloak)
rCorr   .          Rampage  .   (no gloves)
Will    .....                   (no boots)
Stlth   +.........              (no amulet)
HPRegen 0.12/turn               (no ring)
MPRegen 0.12/turn               (no ring)

@: no status effects
A: fangs 1, strong nose, distributed training
a: no special abilities


You were on level 3 of the Dungeon.
You visited 1 branch of the dungeon, and saw 3 of its levels.

You collected 60 gold pieces.

Inventory:

Hand Weapons
 a - a +0 spear
 n - a +0 short sword of draining (weapon)
Missiles
 d - 5 boomerangs of dispersal (quivered)
 g - 5 silver javelins
 h - 59 stones
 l - 20 arrows
Armour
 b - a +0 leather armour (worn)
 p - a +0 helmet (worn)
Scrolls
 c - a scroll of blinking
 i - a scroll of silence {unknown}
 j - a scroll of acquirement {unknown}
 k - a scroll of vulnerability {unknown}
 m - a scroll of enchant armour {unknown}
 q - a scroll of identify {unknown}
Potions
 e - a potion of flight {unknown}
 f - a potion of brilliance {unknown}
 o - 2 potions of heal wounds {unknown}


   Skills:
 + Level 4.6 Fighting
 + Level 1.1 Short Blades
 + Level 1.1 Long Blades
 + Level 1.1 Axes
 + Level 1.1 Maces & Flails
 + Level 4.6 Polearms
 + Level 1.1 Staves
 + Level 1.1 Slings
 + Level 1.1 Bows
 + Level 1.1 Crossbows
 + Level 2.7 Throwing
 + Level 2.7 Armour
 + Level 4.6 Dodging
 + Level 1.1 Stealth
 + Level 1.1 Shields
 + Level 1.1 Unarmed Combat
 + Level 5.1 Spellcasting
 + Level 0.9 Conjurations
 + Level 0.9 Hexes
 + Level 0.9 Summonings
 + Level 0.9 Necromancy
 + Level 5.4 Translocations
 + Level 0.9 Transmutations
 + Level 0.9 Fire Magic
 + Level 0.9 Ice Magic
 + Level 0.9 Air Magic
 + Level 0.9 Earth Magic
 + Level 0.9 Poison Magic
 + Level 1.2 Invocations
 + Level 1.1 Evocations


You had 11 spell levels left.
You knew the following spells:

 Your Spells              Type           Power      Damage    Failure   Level
a - Blink                 Tloc           32%        N/A       4%          2

Your spell library contained the following spells:

 Spells                   Type           Power      Damage    Failure   Level
 Gell's Gravitas          Tloc           16%        N/A       8%          3
 Lesser Beckoning         Tloc           16%        N/A       8%          3
 Teleport Other           Tloc           16%        N/A       8%          3
 Ensorcelled Hibernation  Hex/Ice        10%        N/A       26%         2
 Spider Form              Tmut/Pois      5%         N/A       45%         3
 Manifold Assault         Tloc           16%        N/A       58%         5
 Anguish                  Hex/Necr       2%         N/A       86%         4


Dungeon Overview and Level Annotations

Branches:
Dungeon (3/15)

Altars:
Hepliaklqana


Innate Abilities, Weirdness & Mutations

You have very sharp teeth.
Your uncanny sense of smell can sniff out nearby items.
Your experience applies equally to all skills.


Message History

The orc priest is lightly wounded.
The orc closely misses you. The orc priest misses you.
The orc hits you with a +0 flail!
The hobgoblin hits you but does no damage.
You closely miss the orc priest.
The orc priest is lightly wounded.
You feel stable enough to blink again.
The orc priest hits you but does no damage.
The hobgoblin closely misses you. The hobgoblin barely misses you.
The orc hits you with a +0 flail. The orc priest barely misses you.
You hit the orc priest. You drain the orc priest. You bite the orc priest.
The orc priest is severely wounded.
The hobgoblin barely misses you. The hobgoblin closely misses you.
The orc hits you but does no damage.
The orc priest hits you but does no damage.
You barely miss the orc priest.
The orc priest is severely wounded.
The hobgoblin hits you. x2; The orc misses you.
The orc priest barely misses you.
You hit the orc priest.
You kill the orc priest!
The hobgoblin barely misses you. x2; The hobgoblin hits you.
You have reached level 4!
You feel stronger. The orc closely misses you. The orc hits you with a +0 club.
* * * LOW HITPOINT WARNING * * *
The giant cockroach closely misses you. The orc closely misses you.
You hit the giant cockroach.
You kill the giant cockroach!
The orc hits you but does no damage. x2; The orc barely misses you.
The hobgoblin hits you.
* * * LOW HITPOINT WARNING * * *
The orc barely misses you. The hobgoblin hits you.
* * * LOW HITPOINT WARNING * * *
You hit the orc but do no damage. You drain the orc.
The orc is moderately wounded.
The orc hits you with a +0 club.
* * * LOW HITPOINT WARNING * * *
The orc hits you but does no damage. The orc hits you with a +0 flail.
You die...

######.##..
#.#.#.#.#.#
...........
##.#.#.#.#.#
###...........
#..#.#.#.#.#.#
#.....g.......
#..#g#o#.#.#.#
∆
∆##...@o.......
###.#o#.#.#.#
#..†<.......
##.#.#.#.#.# ∆
######### ∆


You could see 3 orcs and 2 hobgoblins.

Vanquished Creatures
  An orc priest (D:3)
  A worm (D:2)
  A dart slug (D:1)
  An orc (D:3)
  3 ball pythons
  5 endoplasms
  6 giant cockroaches
  5 goblins
  6 hobgoblins
  4 kobolds
  3 quokkas (D:1)
  3 bats
  4 rats
43 creatures vanquished.

Vanquished Creatures (others)
  A fungus (D:1)
1 creature vanquished.

Grand Total: 44 creatures vanquished

Notes
Turn   | Place    | Note
-------+----------+-------------------------------------------
     0 | D:1      | Ablot the Gnoll Warper began the quest for the Orb.
     0 | D:1      | Reached XP level 1. HP: 20/20 MP: 6/6
   211 | D:1      | Reached XP level 2. HP: 26/26 MP: 7/7
   421 | D:1      | Learned a level 2 spell: Blink
   790 | D:1      | Found a faded altar of an unknown god.
  1271 | D:1      | Reached skill level 5 in Spellcasting
  1271 | D:1      | Reached XP level 3. HP: 31/31 MP: 7/9
  1692 | D:2      | Reached skill level 1 in Invocations
  2167 | D:2      | Found a hazy altar of Hepliaklqana.
  2323 | D:2      | Reached skill level 1 in Short Blades
  2323 | D:2      | Reached skill level 1 in Long Blades
  2323 | D:2      | Reached skill level 1 in Axes
  2323 | D:2      | Reached skill level 1 in Maces & Flails
  2323 | D:2      | Reached skill level 1 in Staves
  2323 | D:2      | Reached skill level 1 in Slings
  2323 | D:2      | Reached skill level 1 in Bows
  2323 | D:2      | Reached skill level 1 in Crossbows
  2323 | D:2      | Reached skill level 1 in Stealth
  2323 | D:2      | Reached skill level 1 in Shields
  2323 | D:2      | Reached skill level 1 in Unarmed Combat
  2323 | D:2      | Reached skill level 1 in Evocations
  2648 | D:3      | Reached XP level 4. HP: 13/38 MP: 9/11
  2651 | D:3      | Slain by an orc

Illustrated notes

Levels and vault maps discovered:
D:1:      amcnicky_arrival_abandoned_market, layout_basic,
          shapermc_ecumenical_altar_gd
D:2:      layout_basic, basic_altar
D:3:      layout_basic, amcnicky_mini_corridor_feature, st_stairs_10, uniq_ijyb

Skill      XL: |  1  2  3 |
---------------+----------+-----
Spellcasting   | 5 |  5.1
Invocations    | 1 |  1.2
Short Blades   | 1 |  1.1
Long Blades    | 1 |  1.1
Axes           | 1 |  1.1
Maces & Flails | 1 |  1.1
Staves         | 1 |  1.1
Slings         | 1 |  1.1
Bows           | 1 |  1.1
Crossbows      | 1 |  1.1
Stealth        | 1 |  1.1
Shields        | 1 |  1.1
Unarmed Combat | 1 |  1.1
Evocations     | 1 |  1.1
Fighting       | |  4.6
Polearms       | |  4.6
Throwing       | |  2.7
Armour         | |  2.7
Dodging        | |  4.6
Conjurations   | |  0.9
Hexes          | |  0.9
Summonings     | |  0.9
Necromancy     | |  0.9
Translocations | |  5.4
Transmutations | |  0.9
Fire Magic     | |  0.9
Ice Magic      | |  0.9
Air Magic      | |  0.9
Earth Magic    | |  0.9
Poison Magic   | |  0.9

Action                   |  1- 3 |  4- 6 || total
-------------------------+-------+-------++-------
Melee: Spear             |   111 |       ||   111
       Bite              |    17 |       ||    17
       Short sword       |    51 |     2 ||    53
       Punch             |     1 |       ||     1
 Cast: Blink             |     1 |       ||     1
Armor: Leather armour    |    40 |     3 ||    43
Dodge: Dodged            |    81 |     5 ||    86
